cohdb
Replays
Latest Replays
All Replays
Popular Replays
Top Player Replays
Match Explorer
How It Works
Community
CoH3 Stats
Reddit
Sign in to upload your games and track your stats! →
Sign in with Steam
Match 42603061
Unlisted
Match 42603061
Overview
Messages
Build Orders
End
Pioneer Squad
Construct Infanterie Kompanie
Selects Terror Battlegroup
Selects Machine Gun Camouflage
Grenadier Squad
Grenadier Squad
MG 42 Machine Gun Team
MG 42 Machine Gun Team
Construct Panzergrenadier Kompanie
Panzergrenadier Squad
Selects Contempt for the Weak
Pak 40 Anti-tank Gun Team
Support Elements
StuG III G Assault Gun
StuG III G Assault Gun
Medical Station
Panzergrenadier Squad
Selects Defend the Fatherland
Panzergrenadier Officer Quarters
Panzergrenadier Squad
Selects King Tiger Heavy Tank
King Tiger Heavy Tank
Pak 40 Anti-tank Gun Team
Pak 40 Anti-tank Gun Team
Selects Propaganda Leaflet Drop
Propaganda Leaflet Drop
Pioneer Squad
Propaganda Leaflet Drop
Pioneer Squad
King Tiger Heavy Tank
Andrewstorm
Alex
Sarmynation
123456pilatos
0
0
Comments
sign in to comment!
No comments posted yet!